AoeStats
← Cambowarrior!

Arabia

508016843Analyzed
1v1 RM · 13d ago on Sep 20, 2026· 61m 24s· 2 players
Game mode
Random Map
Map size
Tiny (2 player)
Population
200
Speed
Normal
Resources
Standard
Victory
Conquest
Starting age
Dark Age
Ending age
Imperial Age
RankedLock teamsTeams togetherTeam positionsShared explorationLock speedFull tech treeHidden civsTurbo modeCheats
Victory
Defeat
🇨🇱 Saracens · Chile
879
+17
🇦🇷 Franks · Argentina
911
-17
Cambowarrior!
10:38 Feudal Age
17:44 Castle Age
17:36 Double-Bit Axe
29:43 Scale Barding Armor
41:19 Imperial Age
41:41 Bimaristan
47:25 Chemistry
50:53 Light Cavalry
51:44 Bloodlines
51:49 Husbandry
51:46 Horse Collar
54:08 Elite Mameluke
58:11 Fervor
58:21 Sanctity
61:14 Hussar
Gulliver
7:03 Loom
10:03 Feudal Age
11:02 Double-Bit Axe
18:01 Scale Barding Armor
18:06 Forging
20:58 Gold Mining
23:24 Castle Age
22:04 Stone Mining
24:16 Bow Saw
24:49 Gold Shaft Mining
25:30 Fervor
24:44 Elite Skirmisher
25:29 Padded Archer Armor
25:19 Fletching
27:08 Husbandry
27:42 Padded Archer Armor
27:32 Fletching
28:04 Chain Barding Armor
28:19 Iron Casting
29:16 Wheelbarrow
28:12 Elite Skirmisher
32:10 Iron Casting
37:12 Imperial Age
35:25 Murder Holes
35:51 Ballistics
35:48 Leather Archer Armor
47:03 Chivalry
52:00 Cavalier
59:51 Plate Barding Armor
58:42 Pikeman
59:23 Squires
61:29 Conscription
Connection lost

Rejoining the realm…

Still unreachable

The connection could not be restored.

Session expired

The server has moved on; the page needs a fresh start.